 Dungeon Crawl Stone Soup version 0.30-a0-121-gb27577e5d9 (webtiles) character file.

Game seed: 6007270062612160684

212 bande the Chopper (level 5, -9/47 HPs)
             Began as a Hill Orc Fighter on Sept 14, 2022.
             Was a Follower of Beogh.
             Mangled by Menkaure (18 damage)
             ... on level 4 of the Dungeon.
             The game lasted 00:05:58 (2995 turns).

bande the Chopper (Hill Orc Fighter)                Turns: 2995, Time: 00:05:58

Health: -9/47      AC: 11    Str: 19    XL:     5   Next: 90%
Magic:  5/5        EV:  7    Int:  8    God:    Beogh [*.....]
Gold:   154        SH:  5    Dex: 12    Spells: 4/4 levels left

rFire   . . .      SeeInvis .    a - +0 war axe
rCold   . . .      Faith    .    c - +0 buckler
rNeg    . . .      Spirit   .    s - +0 chain mail
rPois   .          Reflect  .    (no helmet)
rElec   .          Harm     .    (no cloak)
rCorr   .          Rampage  .    (no gloves)
Will    .....                    o - +1 pair of boots
Stlth   ..........               g - amulet of regeneration
HPRegen 0.95/turn                (no ring)
MPRegen 0.09/turn                (no ring)

@: mighty
A: no striking features
a: Renounce Religion


You were on level 4 of the Dungeon.
You worshipped Beogh.
Beogh was aware of your devotion.
You visited 1 branch of the dungeon, and saw 4 of its levels.

You collected 154 gold pieces.

Inventory:

Hand Weapons
 a - a +0 war axe (weapon)
 t - a +0 morningstar
Armour
 c - a +0 buckler (worn)
 o - a +1 pair of boots (worn)
 s - a +0 chain mail (worn)
Jewellery
 g - an amulet of regeneration (around neck)
 n - a ring of magical power
 q - a ring of fire
Scrolls
 k - a scroll of butterflies
Potions
 e - a potion of flight
 h - a potion of haste
 i - 2 potions of attraction {unknown}
 j - a potion of brilliance {unknown}
 l - a potion of heal wounds {unknown}
 m - a potion of resistance {unknown}
 p - a potion of magic {unknown}
 r - 2 potions of curing {unknown}


   Skills:
 + Level 4.7 Fighting
 + Level 5.2 Axes
 + Level 4.5 Armour
 + Level 4.1 Shields


You had 4 spell levels left.
You didn't know any spells.
Your spell library contained the following spells:

 Spells                   Type           Power      Damage    Failure   Level
 Apportation              Tloc           0%         N/A       99%         1
 Magic Dart               Conj           0%         1d3       99%         1
 Sandblast                Erth           0%         2d4       99%         1
 Call Imp                 Summ           0%         N/A       100%        2
 Passwall                 Tmut/Erth      0%         N/A       100%        2
 Call Canine Familiar     Summ           0%         N/A       100%        3
 Gell's Gravitas          Tloc           0%         N/A       100%        3
 Mephitic Cloud           Conj/Pois/Air  0%         N/A       100%        3
 Portal Projectile        Hex/Tloc       0%         N/A       100%        3
 Stone Arrow              Conj/Erth      0%         3d7       100%        3
 Teleport Other           Tloc           0%         N/A       100%        3
 Leda's Liquefaction      Hex/Erth       0%         N/A       100%        4
 Alistair's Intoxication  Tmut/Pois      0%         N/A       100%        5
 Dispersal                Tloc           0%         N/A       100%        6


Dungeon Overview and Level Annotations

Branches:
Dungeon (4/15)
 Temple: D:4-7

Altars:
Kikubaaqudgha

Annotations:
D:4 2 transporters, Menkaure


Message History

No target in view!
No target in view!
No target in view!
There is an open door here.
You pick up a book of the Hunter and begin reading...
You add the spells Call Canine Familiar, Portal Projectile and Leda's Liquefaction to your library.
No target in view!
No target in view!
You see here a +0 whip.
There is an open door here.
There is an open door here.
You pick up a There-And-Back Book and begin reading...
You add the spells Gell's Gravitas, Teleport Other and Dispersal to your library.
Menkaure, Prince of Dust comes into view.
Menkaure moves out of view.
Menkaure is nearby!
Menkaure gestures wildly while chanting.
Menkaure seems to speed up.
Menkaure barely misses you.
You hit Menkaure.
Menkaure is lightly damaged.
Menkaure hits you. Menkaure hits you!
You slash Menkaure!
Menkaure is severely damaged.
Menkaure calls on the powers of darkness!
Your body is wracked with pain!
Menkaure hits you!
* * * LOW HITPOINT WARNING * * *
You are too injured to fight recklessly!
You are too injured to fight recklessly!
You are too injured to fight recklessly!
You are too injured to fight recklessly!
You are too injured to fight recklessly!
You are too injured to fight recklessly!
You are too injured to fight recklessly!
You feel very mighty all of a sudden. You block Menkaure's attack.
You hit Menkaure.
Menkaure is severely damaged.
Menkaure hits you!!
You die...

#.......'..).......
####+###......###'###..#..
#......#......##..##......
#......#####..##...#...#..
#......#..##..##...#......
#..............'..########
#..............#..#
#######.####..##..#
#..@.#####..'. #...M# .
#....# #....# ######


You could see Menkaure (fast).

Vanquished Creatures
  A hound (D:4)
  Terence (D:4)
  An orc priest (D:3)
  An orc wizard (D:4)
  An adder (D:2)
  A worm (D:3)
  5 dart slugs
  10 orcs
  6 ball pythons
  9 endoplasms
  A giant cockroach (D:3)
  8 hobgoblins
  A jackal (D:4)
  4 quokkas
  4 bats
  4 frilled lizards
  6 goblins
  4 kobolds
68 creatures vanquished.

Vanquished Creatures (collateral kills)
  A bat (D:3)
1 creature vanquished.

Vanquished Creatures (others)
  An orc (D:3)
  A kobold (D:3)
  2 plants (D:1)
4 creatures vanquished.

Grand Total: 73 creatures vanquished

Notes
Turn   | Place    | Note
-------+----------+-------------------------------------------
     0 | D:1      | bande the Hill Orc Fighter began the quest for the Orb.
     0 | D:1      | Reached XP level 1. HP: 19/19 MP: 1/1
    16 | D:1      | Found a faded altar of an unknown god.
   187 | D:1      | Reached XP level 2. HP: 23/27 MP: 2/2
   368 | D:1      | Reached skill level 3 in Axes
   477 | D:1      | Reached XP level 3. HP: 33/33 MP: 3/3
  1506 | D:3      | Reached XP level 4. HP: 41/41 MP: 4/4
  1637 | D:3      | Noticed Terence
  1656 | D:4      | Killed Terence
  1657 | D:4      | Reached skill level 4 in Axes
  1902 | D:4      | Reached XP level 5. HP: 44/47 MP: 5/5
  1925 | D:3      | Became a worshipper of Beogh the Brigand
  2004 | D:3      | Identified the +6 short sword "Arbiter" {venom, Will+
                  | Int+3}
  2110 | D:3      | Found an ancient bone altar of Kikubaaqudgha.
  2834 | D:4      | Found a transporter.
  2838 | D:4      | Found a transporter.
  2892 | D:4      | Reached skill level 5 in Axes
  2942 | D:4      | Identified the +6 dagger of Umoucvus {flame, rC- Str+5
                  | Int+4 Dex-2}
  2947 | D:4      | Reached * piety under Beogh
  2988 | D:4      | Noticed Menkaure
  2995 | D:4      | Mangled by Menkaure

Illustrated notes

Levels and vault maps discovered:
D:1:      giann_bridges, layout_rooms, serial_forest,
          infiniplex_forest_straight_3, infiniplex_forest_lined_3,
          infiniplex_forest_lined_room_2, infiniplex_forest_lined_corner,
          infiniplex_forest_clump_tiny, hellmonk_ecumenical_altar_blasted
D:2:      layout_basic
D:3:      layout_loops_ring, kiku_gazebo_pond_becter, uniq_terence
D:4:      gammafunk_steamed_eel, layout_gridville, kennysheep_mini_moat,
          columned_hall_lemuel, uniq_menkaure, uniq_robin

Skill      XL: |  1  2  3  4  5 |
---------------+----------------+-----
Fighting       | 4 |  4.7
Axes           | 3 4 5 |  5.2
Armour         | 4 |  4.5
Shields        | 4 |  4.1

Action                   |  1- 3 |  4- 6 || total
-------------------------+-------+-------++-------
Melee: War axe           |    88 |   109 ||   197
Invok: Convert to Beogh  |       |     1 ||     1
  Use: Scroll            |     1 |     7 ||     8
       Potion            |       |     1 ||     1
Armor: Scale mail        |    51 |    62 ||   113
       Chain mail        |       |     2 ||     2
Dodge: Dodged            |    45 |    50 ||    95
Block: Buckler           |    26 |    19 ||    45

Table legend: (Time is in decaauts)
 A = Elapsed time spent in this place.
 B = Non-inter-level travel time spent in this place.
 C = Inter-level travel time spent in this place.
 D = Time resting spent in this place.
 E = Time spent auto-exploring this place.
 F = Levels seen in this place.
 G = Mean time per level.
                   A        B        C        D        E       F      G
               +--------+--------+--------+--------+--------+-----+--------+
         Total |   3067 |   2952 |    115 |    437 |   1887 |   4 |  766.8 |
       Dungeon |   3067 |   2952 |    115 |    437 |   1887 |   4 |  766.8 |
               +--------+--------+--------+--------+--------+-----+--------+

Top non-repeatable levels by time:
     D:3: 1102 daAuts
     D:2: 822 daAuts
     D:1: 695 daAuts
     D:4: 447 daAuts
